 Dungeon Sprint DCSS version 0.31-a0-7-g51783674b7 (webtiles) character file.

Game seed: 3501789569132407682

1217 sircluck the Grappler (level 8, -1/133 HPs)
             Began as a Troll Berserker on May 5, 2023.
             Was an Elder of Trog.
             Shot with an arrow by a centaur warrior (21 damage)
             ... in the Dungeon (Sprint I: "Red Sonja").
             The game lasted 00:01:54 (449 turns).

sircluck the Grappler (Troll Berserker)              Turns: 449, Time: 00:01:54

Health: -1/133     AC:  5    Str: 28    XL:     8   Next: 22%
Magic:  7/7        EV: 11    Int:  3    God:    Trog [****..]
Gold:   426        SH:  0    Dex:  9    Spells: 7/7 levels left

rFire   + .          .
                       - Unarmed
rCold   . . .        (no shield)
rNeg    . . .        j - +1 robe {rF+}
rPois   .            (helmet restricted)
rElec   .            (no cloak)
rCorr   .            (gloves unavailable)
SInv    .            (boots unavailable)
Will    .....        (no amulet) Stlth
                     (no ring)
HPRegen 1.22/turn    (no ring)
MPRegen 0.10/turn

%: no teleportation
@: berserking, very quick
A: large, unfitting armour, claws 3, regeneration 1, shaggy fur 1, tough skin 1
a: Renounce Religion, Berserk, Trog's Hand, Brothers in Arms


You were in the Dungeon.
You worshipped Trog.
Trog was greatly pleased with you.
You visited 1 branch You collected 426 gold pieces.

Inventory:

Hand Weapons
 i - a +0 giant club
Armour
 a - a +0 animal skin
 j - a +1 robe of fire resistance (worn)
Wands
 h - a wand of paralysis (6)
Scrolls
 k - a scroll of torment {unknown}
Potions
 b - a potion of curing
 c - a potion of heal wounds
 d - a potion of haste
 e - 2 potions of magic
 f - a potion of berserk rage


   Skills:
 + Level 8.5 Fighting
 + Level 4.0 Maces & Flails
 + Level 7.6 Dodging
 + Level 3.6 Stealth
 + Level 10.9 Unarmed Combat
 + Level 1.0 Evocations


You had 7 spell levels left.
You didn't know any spells.
Your spell library was empty.

Dungeon Overview and Level Annotations

Branches:
Dungeon (1/1)

Altars:
Cheibriados
Dithmenos
Elyvilon
Fedhas
Gozag
Hepliaklqana
Kikubaaqudgha
Makhleb
Nemelex Xobeh
Okawaru
Qazlal
Ru
Sif Muna
Trog
Uskayaw
Vehumet
Wu Jian
Xom
Yredelemnul
Zin
The Shining One
Jiyva
Lugonu

Shops:
D [


Innate Abilities, Weirdness & Mutations

You are too large for most types of armour.
You have claws for hands.
Your natural rate of healing is unusually fast.
You are covered in fur. (AC +1)
You have tough skin. (AC +1)


Message History

The centaur warrior wields a +0 longbow.
The centaur warrior shoots an arrow.
The arrow hits you!
The centaur warrior wields a +0 shortbow.
The centaur warrior shoots an arrow.
The arrow hits you!!
Blink to where?
Press: ? - help, Q - select action, (/) - cycle Dir - move target
As you read the scroll of blinking, it crumbles to dust.
You close the door.
A centaur warrior opens the door.
There is a shimmering blue altar of Sif Muna here.
There is an open door here.
The centaur warrior shoots an arrow.
The arrow hits you!
You close the door.
A centaur warrior opens the door.
The centaur warrior unwields a +0 shortbow.
The centaur warrior hits you!
The centaur warrior kicks you but does no damage.
The centaur warrior shouts!
There is an open door here.
The centaur warrior wields a +0 shortbow.
The centaur warrior shoots an arrow.
The arrow hits you!
* * * LOW HITPOINT WARNING * * *
The centaur warrior shoots an arrow.
The arrow hits you!
* * * LOW HITPOINT WARNING * * *
A red film seems to cover your vision as you go berserk!
You feel yourself moving faster!
You feel mighty!
The centaur warrior unwields a +0 shortbow.
The centaur warrior hits you but does no damage.
The centaur warrior kicks you.
* * * LOW HITPOINT WARNING * * *
You mangle the centaur warrior!!
The centaur warrior is heavily wounded.
The centaur warrior misses you. The centaur warrior kicks you.
* * * LOW HITPOINT WARNING * * *
You barely miss the centaur warrior.
The centaur warrior is heavily wounded.
You mangle the centaur warrior!!
You kill the centaur warrior!
Trog accepts your kill.
The centaur warrior shoots an arrow.
The arrow hits you!!
You die...

#<.#..'..#.)'..#__#..')..#
#..').#..'..#..'..+..#...#
#..#####'#####'#__####...+
#..####..#...#.####($#####
#.†#__####..##.#~~~..#
#..#_____##'#_.'~~§§.+
#⌠⌠#_.∩..†'...c#§§c..#
####_..__##_.#)##+####
#_____###+#@# ####### ###


You could see a centaur warrior.

Vanquished Creatures
  A centaur warrior (D)
  2 kobold demonologists (D)
  Sigmund (D)
  A slime creature (D)
  A yak (D)
  A floating eye (D)
  An ogre (D)
  A jelly (D)
  Ijyb (D)
10 creatures vanquished.

Notes
Turn   | Place    | Note
-------+----------+-------------------------------------------
     0 | D        | sircluck the Troll Berserker began the quest for the Orb.
     0 | D        | Reached XP level 1. HP: 22/22 MP: 0/0
     1 | D        | Noticed Ijyb
     9 | D        | Killed Ijyb
    10 | D        | Reached skill level 4 in Unarmed Combat
    10 | D        | Reached XP level 2. HP: 27/31 MP: 1/1
    16 | D        | Noticed an ogre
    32 | D        | Killed an ogre
    33 | D        | Reached skill level 1 in Stealth
    33 | D        | Reached skill level 6 in Unarmed Combat
    33 | D        | Reached XP level 3. HP: 29/41 MP: 2/2
    33 | D        | Reached XP level 4. HP: 35/49 MP: 3/3
   162 | D        | Noticed Sigmund
   178 | D        | Killed Sigmund
   178 | D        | Reached ** piety under Trog
   179 | D        | Reached skill level 5 in Dodging
   179 | D        | Reached skill level 7 in Unarmed Combat
   179 | D        | Reached XP level 5. HP: 28/59 MP: 4/4
   179 | D        | Reached XP level 6. HP: 32/67 MP: 5/5
   222 | D        | Found an ornate altar of the Wu Jian Council.
   222 | D        | Found a shimmering blue altar of Sif Muna.
   224 | D        | Found a radiant altar of Vehumet.
   228 | D        | Reached skill level 8 in Unarmed Combat
   267 | D        | Found Utudd's Armour Emporium.
   267 | D        | Found an ancient bone altar of Kikubaaqudgha.
   267 | D        | Found a hazy altar of Hepliaklqana.
   267 | D        | Found a stormy altar of Qazlal.
   267 | D        | Found a hide-covered altar of Uskayaw.
   267 | D        | Found a blossoming altar of Fedhas.
   267 | D        | Found a bloodstained altar of Trog.
   267 | D        | Found an iron altar of Okawaru.
   267 | D        | Found a basalt altar of Yredelemnul.
   267 | D        | Found a glowing golden altar of the Shining One.
   267 | D        | Found a snail-covered altar of Cheibriados.
   267 | D        | Found a sacrificial altar of Ru.
   267 | D        | Found a glowing silver altar of Zin.
   267 | D        | Found a shadowy altar of Dithmenos.
   267 | D        | Found a white marble altar of Elyvilon.
   267 | D        | Noticed a yak
   268 | D        | Found an opulent altar of Gozag.
   274 | D        | Killed a yak
   275 | D        | Found a sparkling altar of Nemelex Xobeh.
   296 | D        | Found a burning altar of Makhleb.
   296 | D        | Found a viscous altar of Jiyva.
   296 | D        | Found a shimmering altar of Xom.
   296 | D        | Found a corrupted altar of Lugonu.
   296 | D        | Noticed a slime creature
   301 | D        | Killed a slime creature
   301 | D        | Reached *** piety under Trog
   302 | D        | Reached skill level 9 in Unarmed Combat
   302 | D        | Reached XP level 7. HP: 41/78 MP: 6/6
   348 | D        | Noticed a kobold demonologist
   349 | D        | Noticed a kobold demonologist
   350 | D        | Noticed a red devil
   354 | D        | Noticed a soul eater
   361 | D        | Killed a kobold demonologist
   362 | D        | Reached skill level 10 in Unarmed Combat
   365 | D        | Killed a kobold demonologist
   365 | D        | Reached **** piety under Trog
   366 | D        | Reached skill level 1 in Evocations
   366 | D        | Reached XP level 8. HP: 89/89 MP: 7/7
   433 | D        | Noticed a centaur warrior
   435 | D        | Noticed a centaur warrior
   449 | D        | Killed a centaur warrior
   449 | D        | Shot with an arrow by a centaur warrior

Illustrated notes

Levels and vault maps discovered:
D:        dungeon_sprint_1 [red_sonja_temple_1, red_sonja_temple_small_1]

Skill      XL: |  1  2  3  4  5  6  7 |
---------------+----------------------+-----
Fighting       | 3 4 6 7 8 |  8.5
Dodging        | 3 4 5 6 7 |  7.6
Unarmed Combat | 4 6 7 9 10 | 10.9
Stealth        | 1 2 3 |  3.6
Maces & Flails | 2 3 4 |  4.0
Evocations     | 1 |  1.0

Action                     |  1- 3 |  4- 6 |  7- 9 || total
---------------------------+-------+-------+-------++-------
  Melee: Unarmed           |    12 |    12 |    14 ||    38
         Punch             |     1 |     2 |     1 ||     4
         Giant club        |       |    14 |       ||    14
 Invoke: Berserk           |       |       |     2 ||     2
  Evoke: Wand              |     2 |       |       ||     2
    Use: Scroll            |       |       |     1 ||     1
   Stab: Paralysed         |     4 |       |       ||     4
 Armour: Animal skin       |       |     2 |       ||     2
         Robe              |       |     2 |     5 ||     7
  Dodge: Dodged            |     1 |     5 |     3 ||     9

Table legend: (Time is in decaauts)
 A = Elapsed time spent in this place.
 B = Non-inter-level travel time spent in this place.
 C = Inter-level travel time spent in this place.
 D = Time resting spent in this place.
 E = Time spent auto-exploring this place.
 F = Levels seen in this place.
 G = Mean time per level.
                   A        B        C        D        E       F      G
               +--------+--------+--------+--------+--------+-----+--------+
         Total |    463 |    463 |      0 |    201 |     53 |   1 |  463.0 |
       Dungeon |    463 |    463 |      0 |    201 |     53 |   1 |  463.0 |
               +--------+--------+--------+--------+--------+-----+--------+

Top non-repeatable levels by time:
       D: 463 daAuts
